[Event "33rd ECCC Open 2017"]
[Site "Antalya"]
[Date "2017.10.09"]
[Round "2"]
[White "Lodici, Lorenzo"]
[Black "Milovic, Jovan"]
[Result "1-0"]
[ECO "A43"]
[WhiteElo "2407"]
[BlackElo "2301"]
[Annotator "NA"]
[PlyCount "99"]
[EventType "team-tourn"]
[EventCountry "TUR"]
[SourceTitle "playchess.com"]
[Source "ChessBase"]
[SourceQuality "1"]
[WhiteTeam "Augusta Perusia"]
[BlackTeam "Elektroprivreda"]
[TimeControl "40/5400+30:1800+30"]

1. d4 c5 2. d5 e6 3. Nc3 exd5 4. Nxd5 Nf6 5. Nxf6+ Qxf6 6. e4 Qe6 7. f3 Nc6 8. Nh3 Bd6 9. Bf4 Be5 10. c3 O-O 11. Qd2 d5 12. Ng5 (12. Qxd5 $11 {remains equal.} Qxd5 13. exd5 Bxh3 14. Bxe5 Nxe5 15. gxh3) 12... Qe7 13. O-O-O dxe4 (13... h6 $17 14. Bxe5 Nxe5) 14. Bb5 Qc7 15. Bxe5 Nxe5 16. Nxe4 a6 17. Be2 Be6 18. Qd6 Qxd6 19. Nxd6 Bxa2 20. Nxb7 c4 21. f4 Ng6 22. g3 Rfe8 23. Rd2 Re7 24. Nd6 Rc7 25. Rd4 Ne7 26. Bxc4 Bxc4 $18 27. Rxc4 Rd7 28. Rd1 Rad8 29. Rcd4 Nc6 30. R4d2 Rc7 31. Nc4 Rxd2 32. Rxd2 g6 33. Rd6 a5 34. Rd5 Ne7 35. Rd8+ Kg7 36. Nxa5 h5 37. Kc2 h4 38. b4 h3 39. g4 g5 40. fxg5 Kg6 41. Kb3 Kxg5 42. b5 Ra7 43. Kb4 Kxg4 44. b6 Ra6 45. Rd4+ Kf3 46. Kb5 Ra8 47. b7 Rh8 48. Rd7 Ng6 49. Rxf7+ Kg2 50. Rg7 1-0

[Event "33rd ECCC Open 2017"]
[Site "Antalya"]
[Date "2017.10.11"]
[Round "2"]
[White "Thorfinnsson, Bjorn"]
[Black "Abbas, Daniel"]
[Result "1-0"]
[ECO "E12"]
[WhiteElo "2398"]
[BlackElo "2329"]
[Annotator "ChessBase"]
[PlyCount "129"]
[EventType "team-tourn"]
[EventCountry "TUR"]
[WhiteTeam "Viking"]
[BlackTeam "3CS Oldham"]
[TimeControl "40/5400+30:1800+30"]

1. d4 Nf6 2. c4 e6 3. Nc3 Bb4 4. Nf3 b6 5. Bf4 Bb7 6. e3 O-O 7. Bd3 Ne4 8. O-O Bxc3 9. bxc3 d6 10. Ne1 f5 11. f3 Nf6 12. Bg3 Qe7 13. Nc2 Nh5 14. Bf2 Nd7 15. e4 f4 16. e5 dxe5 17. Re1 Qg5 18. Qe2 Rf6 19. dxe5 Rh6 20. Rad1 Rf8 21. Bxh7+ Rxh7 {[%emt 0:02:30] 4} 22. Rxd7 Ng3 {[%emt 0:00:30] 1} 23. Bxg3 fxg3 {[%emt 0:00:30] ]} 24. h3 Bxf3 25. Qe3 Qg6 26. Qd3 Qxd3 27. Rxd3 Bxg2 28. Kxg2 Rf2+ 29. Kxg3 Rxc2 30. Rd8+ Kf7 31. Re3 Ke7 32. Red3 Rxc3 33. R8d7+ Ke8 34. Rd8+ Ke7 35. R8d7+ Ke8 36. Kg4 Rxd3 37. Rxd3 Ke7 38. Kg5 Rh6 39. h4 Ke8 40. Ra3 {[%emt 0:00:00] ]} a5 41. c5 {[%emt 0:01:09] 1} Kd7 {[%emt 0:00:00] 1} 42. cxb6 {[%emt 0:07:30] 1} cxb6 {[%emt 0:00:00] 1} 43. Rc3 {[%emt 0:00:30] 1} Rh8 44. h5 a4 45. Rh3 {[%emt 0:04:30] 9} Re8 46. Kg6 Re7 47. Rc3 b5 48. Rc5 b4 49. Rc4 b3 50. Rxa4 bxa2 51. Rxa2 Kc6 52. Rf2 Kd5 53. Rf7 Re8 54. Kxg7 Kxe5 55. h6 Kd4 56. Rf8 Re7+ 57. Kf6 Rh7 58. Kg6 Re7 59. h7 Rxh7 60. Kxh7 e5 61. Kg6 e4 62. Kf5 e3 63. Kf4 e2 64. Re8 Kd3 65. Kf3 1-0

[Event "33rd ECCC Open 2017"]
[Site "Antalya"]
[Date "2017.10.09"]
[Round "2"]
[White "Kjartansson, David"]
[Black "Asllani, Ibrahim"]
[Result "1-0"]
[ECO "B22"]
[WhiteElo "2386"]
[BlackElo "2072"]
[Annotator "NA"]
[PlyCount "63"]
[EventType "team-tourn"]
[EventCountry "TUR"]
[SourceTitle "playchess.com"]
[Source "ChessBase"]
[SourceQuality "1"]
[WhiteTeam "Fjolnir"]
[BlackTeam "Hasan Pristina"]
[TimeControl "40/5400+30:1800+30"]

1. e4 c5 2. Nf3 e6 3. c3 Nf6 4. e5 Nd5 5. Bc4 Nb6 6. Bb3 c4 7. Bc2 d6 {[%emt 0:01:30] B22: Sicilian: 2 c3} 8. exd6 Bxd6 9. O-O Bd7 10. Qe2 Nc6 11. b3 cxb3 12. axb3 g5 $146 ({Predecessor:} 12... Qe7 13. Ba3 Nd5 14. Bxd6 Qxd6 15. Na3 {1-0 (43) Hracek,Z (2650)-Piket,J (2570) Nussloch 1996}) 13. d4 h6 14. Na3 Qf6 (14... O-O $16 {is a better defense.} 15. Ne5 f5) 15. Nc4 Nxc4 16. bxc4 Ne7 17. Ne5 Bxe5 18. dxe5 Qg7 19. Ba3 f5 20. exf6 Qxf6 21. Rad1 O-O-O 22. Qe3 Nc6 23. Bd6 e5 24. c5 h5 25. Be4 Rde8 26. Ra1 a6 27. Rfb1 Re6 28. Qd3 $18 Rh6 29. Rxb7 Rxd6 30. cxd6 Qxd6 31. Rxd7 Kxd7 32. Bxc6+ 1-0

[Event "33rd ECCC Open 2017"]
[Site "Antalya"]
[Date "2017.10.09"]
[Round "2"]
[White "Danchevski, Orce"]
[Black "Burcu, Cagatay"]
[Result "1-0"]
[ECO "E57"]
[WhiteElo "2367"]
[BlackElo "2283"]
[Annotator "NA"]
[PlyCount "49"]
[EventType "team-tourn"]
[EventCountry "TUR"]
[SourceTitle "playchess.com"]
[Source "ChessBase"]
[SourceQuality "1"]
[WhiteTeam "Asseco See"]
[BlackTeam "Besiktas"]
[TimeControl "40/5400+30:1800+30"]

1. c4 c6 2. e4 d5 3. exd5 cxd5 4. d4 Nf6 5. Nc3 Nc6 6. Bg5 e6 7. Nf3 Bb4 8. Bd3 dxc4 9. Bxc4 O-O 10. O-O b6 11. a3 Be7 12. Qd3 Bb7 13. Rad1 {[%emt 0:00:30] LiveBook: 57 Games} Nh5 14. Bc1 Qc8 15. Rfe1 Rd8 $18 (15... Bf6 $142) 16. Ba2 Bf6 17. Qe3 g6 18. d5 exd5 19. Nxd5 Bg7 20. Ne7+ Nxe7 21. Qxe7 Rxd1 22. Qxf7+ Kh8 23. Rxd1 Qc2 24. Re1 Be4 25. Ng5 1-0

[Event "33rd ECCC Open 2017"]
[Site "Antalya"]
[Date "2017.10.11"]
[Round "2"]
[White "Ozturk, Kubra"]
[Black "Podlesnik, Bogdan"]
[Result "0-1"]
[ECO "A60"]
[WhiteElo "2364"]
[BlackElo "2372"]
[Annotator "ChessBase"]
[PlyCount "92"]
[EventType "team-tourn"]
[EventCountry "TUR"]
[WhiteTeam "Besiktas"]
[BlackTeam "Asseco See"]
[TimeControl "40/5400+30:1800+30"]

1. d4 Nf6 2. c4 e6 3. g3 c5 4. d5 exd5 5. cxd5 b5 6. e4 Nxe4 7. Bg2 Qa5+ 8. Nd2 Nd6 9. Ngf3 Be7 10. O-O O-O 11. Nb3 Qb6 12. Re1 Bf6 13. Be3 Na6 14. Nxc5 Nxc5 15. b4 Ndb7 16. d6 Bxa1 17. Qxa1 Qa6 18. bxc5 Nd8 19. Nd4 Bb7 20. Nf5 f6 21. Bf1 Qa4 22. Qb1 a6 23. Bd3 Qg4 24. Nh4 g6 25. f3 Qh5 26. Be4 Bxe4 27. Qxe4 Nc6 28. Qd3 Rae8 29. Rd1 Re6 30. Bf2 Rfe8 31. g4 Qg5 32. Ng2 Qe5 33. h4 Qe2 34. Qb3 Ne5 35. Nf4 Qxf3 36. Qxf3 Nxf3+ 37. Kg2 Ne5 38. Nxe6 Rxe6 39. Kg3 Kf7 40. g5 f5 41. Rd2 Nc6 42. Kf3 Re4 43. Bg3 Ke6 44. Bf2 a5 45. Rb2 b4 46. Rd2 a4 0-1

[Event "33rd ECCC Open 2017"]
[Site "Antalya"]
[Date "2017.10.09"]
[Round "2"]
[White "Kristensen, Kaare Hove"]
[Black "Burstein, Roman"]
[Result "1-0"]
[ECO "A43"]
[WhiteElo "2331"]
[BlackElo "2322"]
[Annotator "NA"]
[PlyCount "69"]
[EventType "team-tourn"]
[EventCountry "TUR"]
[SourceTitle "playchess.com"]
[Source "ChessBase"]
[SourceQuality "1"]
[WhiteTeam "Nordkalotten"]
[BlackTeam "MAKABI"]
[TimeControl "40/5400+30:1800+30"]

1. d4 Nf6 2. Nf3 c5 3. d5 g6 4. Nc3 Bg7 5. e4 d6 6. Be2 O-O 7. O-O Na6 8. Re1 Nc7 9. h3 Rb8 10. a4 b6 {[%emt 0:03:30] A43: Schmid Benoni} 11. Bf4 a6 12. e5 Nfe8 $1 13. Qd2 b5 {[%emt 0:02:30] LiveBook: 4 Games} 14. axb5 axb5 15. Rad1 Bb7 16. Bxb5 $146 ({Predecessor:} 16. Nxb5 Bxd5 17. Nc3 Bxf3 18. Bxf3 Ne6 19. b3 Nxf4 20. Qxf4 {1-0 (41) Langeweg,K (2400)-Da Cunha,M (2410) Wijk aan Zee 1984}) 16... Nxb5 17. Nxb5 Ba6 18. Na7 Rxb2 19. Nc6 Qd7 20. exd6 exd6 $18 21. Re7 Qf5 22. Ra7 Bf6 23. Rxa6 Nc7 24. Ra7 Nb5 25. Ne7+ Bxe7 26. Rxe7 Rxc2 27. Qd3 Nc3 28. Qxf5 gxf5 29. Rd2 Rxd2 30. Bxd2 Nxd5 31. Rd7 Nf6 32. Rxd6 Ne4 33. Rc6 Rd8 34. Be3 h5 35. Ng5 1-0

[Event "33rd ECCC Open 2017"]
[Site "Antalya"]
[Date "2017.10.09"]
[Round "2"]
[White "Gantner, Matthias"]
[Black "Civi, Anil"]
[Result "1-0"]
[ECO "C78"]
[WhiteElo "2324"]
[BlackElo "1385"]
[Annotator "NA"]
[PlyCount "63"]
[EventType "team-tourn"]
[EventCountry "TUR"]
[SourceTitle "playchess.com"]
[Source "ChessBase"]
[SourceQuality "1"]
[WhiteTeam "White Rose"]
[BlackTeam "Hatay"]
[TimeControl "40/5400+30:1800+30"]

1. e4 e5 2. Nf3 Nc6 3. Bb5 a6 4. Ba4 Nf6 5. O-O Bc5 6. c3 O-O 7. d4 exd4 8. cxd4 Bb4 {[%emt 0:01:30] C78: Spanische Partie (Archangelsk- und Möller-Variante)} (8... Be7 9. Nc3 d6 10. Re1 Bg4 11. Be3 b5 12. Bc2 Nb4 13. Bb1 c5 14. d5 Nd7 15. a3 Qa5 16. Bd2 {1-0 (31) Kanarek,M (2453)-Warmowski,P (2040) Koszalin 2009}) 9. e5 Nd5 10. a3 $146 ({Vorgänger:} 10. Qd3 Be7 11. Qe4 Nb6 12. d5 Na7 13. Bc2 g6 14. Bh6 Re8 15. Nc3 d6 16. Rfe1 {1-0 (33) Degano,E (1647)-Bortolosso,P (1464) Udine 2008}) 10... Be7 11. Bb3 Nb6 12. d5 Na5 13. d6 cxd6 14. exd6 Bf6 $2 ({Better is} 14... Bxd6 $14 15. Bxf7+ Rxf7 16. Qxd6 Rf6) 15. Nc3 Re8 16. Bc2 Nbc4 17. Qd3 g6 18. b4 Nxd6 19. bxa5 Nb5 20. Nxb5 Bxa1 21. Nd6 Re6 22. Ng5 Re7 23. Ngxf7 Rxf7 24. Bb3 Kf8 25. Nxf7 Qc7 26. Bd2 Be5 27. Nxe5 Qxe5 28. Bb4+ Ke8 29. Bd6 Qf6 30. Qe4+ Kd8 31. Rd1 Qg7 32. Re1 1-0

[Event "33rd ECCC Open 2017"]
[Site "Antalya"]
[Date "2017.10.09"]
[Round "2"]
[White "Paltrinieri, Nicholas"]
[Black "Nikac, Predrag"]
[Result "0-1"]
[ECO "B15"]
[WhiteElo "2295"]
[BlackElo "2305"]
[Annotator "NA"]
[PlyCount "66"]
[EventType "team-tourn"]
[EventCountry "TUR"]
[SourceTitle "playchess.com"]
[Source "ChessBase"]
[SourceQuality "1"]
[WhiteTeam "Augusta Perusia"]
[BlackTeam "Elektroprivreda"]
[TimeControl "40/5400+30:1800+30"]

1. d4 g6 2. e4 c6 3. Nc3 d5 4. Be2 {[%emt 0:09:30] B15: Caro-Kann: 3 Nc3: 3...g6 and 3...dxe4 4 Nxe4 Nf6 5 Nxf6+ exf6} (4. e5 Bg7 5. f4 h5 6. Nf3 Nh6 7. Be3 Qb6 8. Rb1 Bg4 9. Be2 Nd7 10. O-O Nf8 11. Na4 Qc7 12. Nc5 Nf5 13. Bf2 Bh6 14. Nh4 Bxf4 15. Bxg4 Ne3 {1-0 (52) Duda,J (2693)-Jobava,B (2713) Chartres 2017}) 4... dxe4 5. Nxe4 Bg7 6. c3 Nd7 7. Nf3 Ngf6 8. Nxf6+ Nxf6 9. h3 O-O 10. Bf4 a5 $146 ({Predecessor:} 10... Qb6 11. Qb3 Be6 12. Qxb6 axb6 13. a3 b5 14. O-O Nd5 {0-1 (62) Rovira Vila,J (2060)-Menac Comas,J (2077) Figueres 2016}) 11. O-O a4 12. Bh2 Qb6 13. Qd2 Rd8 14. Ne5 Be6 15. Bf3 c5 16. dxc5 Qxc5 17. Qe2 Bd5 18. Rfd1 (18. c4 $11 {hält das Gleichgewicht.} Bxf3 19. Qxf3) 18... a3 19. b3 $17 ({White should play} 19. Bxd5 $15 Nxd5 20. c4 axb2 21. Qxb2) 19... Qxc3 20. Rac1 Bxf3 21. Nxf3 Qa5 22. Rxd8+ Qxd8 23. Rc7 Nd5 24. Rxb7 Qc8 25. Rxe7 Nxe7 26. Qxe7 Qc1+ 27. Ne1 Bf8 28. Qe4 Rd8 29. Bf4 Qa1 30. Qe2 Bb4 31. Bg5 Rd5 32. Qe8+ Kg7 33. Bf6+ Qxf6 0-1

[Event "33rd ECCC Open 2017"]
[Site "Antalya"]
[Date "2017.10.09"]
[Round "2"]
[White "Sukovic, Andrej"]
[Black "Bertagnolli, Alexander"]
[Result "0-1"]
[ECO "B86"]
[WhiteElo "2214"]
[BlackElo "2372"]
[Annotator "NA"]
[PlyCount "80"]
[EventType "team-tourn"]
[EventCountry "TUR"]
[SourceTitle "playchess.com"]
[Source "ChessBase"]
[SourceQuality "1"]
[WhiteTeam "Elektroprivreda"]
[BlackTeam "Augusta Perusia"]
[TimeControl "40/5400+30:1800+30"]

1. e4 c5 2. Nf3 d6 3. d4 cxd4 4. Nxd4 Nf6 5. Nc3 a6 6. Bc4 e6 7. Bb3 Nbd7 8. O-O Nc5 9. Bg5 Be7 {[%emt 0:01:00] B86: Sicilian Scheveningen/Najdorf: 6 Bc4, without early ...b5} 10. Re1 O-O (10... h6 11. Bh4 Nxb3 12. axb3 g5 13. Bg3 e5 14. Nf5 Nxe4 15. Nxd6+ Qxd6 16. Nxe4 Qxd1 17. Rexd1 {½-½ (43) Grandelius,N (2635)-Vachier Lagrave,M (2785) Gibraltar 2016}) 11. f4 Bd7 12. Qf3 h6 13. Bh4 b5 14. e5 dxe5 15. fxe5 Nh7 16. Bxe7 Qxe7 17. Ne4 {[%emt 0:01:30] [#]} Ng5 $146 18. Nxg5 Qxg5 19. c3 a5 20. Bc2 b4 21. a3 bxc3 22. b4 axb4 23. axb4 Rxa1 24. Rxa1 Qxe5 25. Rd1 Na4 26. Qd3 g6 27. Nf3 Qd5 28. Qe3 Qa2 29. Qxh6 Qxc2 30. Rxd7 {[%emt 0:02:30] [#]} Nb6 $15 ({Weaker is} 30... Qb1+ 31. Kf2 $17) (30... Nc5 $1 $19 31. bxc5 Qb1+ 32. Kf2 Qb2+ 33. Rd2 cxd2 34. Qxd2 Qb5) 31. Ng5 Qc1+ 32. Kf2 Qxg5 33. Qxg5 Nxd7 34. Ke2 ({Better is} 34. Qb5 $1 $11 Nf6 35. Qc4) 34... Nb6 35. Kd1 Nd5 36. Kc2 Rc8 37. Qh4 Ne3+ 38. Kc1 Ra8 39. Kb1 c2+ 40. Kb2 Ra2+ 0-1

[Event "33rd ECCC Open 2017"]
[Site "Antalya"]
[Date "2017.10.09"]
[Round "2"]
[White "Vea, Odin Blikra"]
[Black "Ruane, Ciaran"]
[Result "1-0"]
[ECO "C06"]
[WhiteElo "2211"]
[BlackElo "1946"]
[Annotator "NA"]
[PlyCount "63"]
[EventType "team-tourn"]
[EventCountry "TUR"]
[SourceTitle "playchess.com"]
[Source "ChessBase"]
[SourceQuality "1"]
[WhiteTeam "Valerenga"]
[BlackTeam "Benildus"]
[TimeControl "40/5400+30:1800+30"]

1. e4 e6 2. d4 d5 3. Nd2 Nf6 4. e5 Nfd7 5. Bd3 c5 6. c3 Nc6 7. Ne2 f6 8. exf6 Nxf6 9. O-O cxd4 10. cxd4 Bd6 11. Nf3 O-O 12. Bf4 Bxf4 13. Nxf4 Ne4 14. Nh5 g6 15. Ng3 Nxg3 16. hxg3 Qb6 17. Qd2 {[%emt 0:05:30] C06: French Tarrasch: 3...Nf6 4 e5 Nfd7 5 Bd3 main lines} (17. Qb1 Rf6 18. g4 Nxd4 19. Ne5 Qc7 20. g5 Rf4 21. Re1 Nc6 22. Qc1 Rd4 23. Qc2 Qe7 24. Nxc6 bxc6 25. Qxc6 {½-½ (76) Petrov,M (2450)-Danov,L (2326) Sofia 2016}) 17... Nxd4 $146 ({Predecessor:} 17... Bd7 18. Qh6 Rf7 19. g4 Raf8 20. Rae1 Nb4 21. Bb1 Bb5 22. Ng5 Qxd4 23. Nxf7 Bxf1 24. Bxg6 hxg6 25. Rxe6 Bd3 26. Ne5 Qxf2+ 27. Kh2 Qf4+ 28. Qxf4 Rxf4 29. a3 Nc6 30. Nxd3 Rxg4 31. Nc5 {½-½ (31) Hitzgerova,G (2174)-Milligan,H (2125) Hammershoj 2000}) 18. Ne5 Nf5 19. g4 (19. Qg5 $11) 19... Ne7 20. Qg5 Qd8 $14 ({Aber nicht} 20... Qxb2 $2 21. Rae1 $18) 21. Qh6 Qc7 22. Rfe1 Nc6 23. Rac1 Qg7 24. Qxg7+ Kxg7 25. Nxc6 bxc6 26. Rxc6 Re8 27. Rc7+ Kg8 28. f4 e5 29. Bb5 Re6 30. fxe5 Rb6 31. Bc6 Rab8 32. e6 1-0

[Event "33rd ECCC Open 2017"]
[Site "Antalya"]
[Date "2017.10.09"]
[Round "2"]
[White "Seresin, Francesco"]
[Black "Aleksic, Nenad C"]
[Result "1/2-1/2"]
[ECO "D36"]
[WhiteElo "2195"]
[BlackElo "2261"]
[Annotator "NA"]
[PlyCount "90"]
[EventType "team-tourn"]
[EventCountry "TUR"]
[SourceTitle "playchess.com"]
[Source "ChessBase"]
[SourceQuality "1"]
[WhiteTeam "Augusta Perusia"]
[BlackTeam "Elektroprivreda"]
[TimeControl "40/5400+30:1800+30"]

1. d4 Nf6 2. c4 e6 3. Nc3 d5 4. cxd5 exd5 5. Bg5 Be7 6. e3 O-O 7. Bd3 c6 8. Qc2 Nbd7 9. Nf3 Re8 10. O-O Nf8 11. Rab1 a5 12. Rbe1 {[%emt 0:06:30] D36: Queen's Gambit Declined: Exchange Variation: Main line (5 Bg5 c6 6 Qc2)} g6 13. Ne5 Ne6 14. Bh4 Ng7 {[%emt 0:00:00] [#]} 15. f4 $146 ({Predecessor:} 15. Qb3 Qc7 16. Rc1 Qd6 17. Na4 Qb4 18. Nb6 Qxb3 19. axb3 Ra7 {1-0 (35) Dreev,A (2643)-Golubov,S (2362) Jerusalem 2015}) 15... Bf5 16. Kh1 Bxd3 17. Qxd3 Nf5 18. Bxf6 Bxf6 19. g4 Nd6 20. Rf3 Bg7 21. g5 Nf5 22. Ne2 $11 Qc8 23. Ng3 Nh4 24. Rf2 Qh3 25. Qf1 Qxf1+ 26. Rexf1 f6 27. gxf6 Bxf6 28. Ng4 Bg7 29. f5 Nxf5 30. Nxf5 gxf5 31. Rxf5 Rf8 32. Kg2 Rxf5 33. Rxf5 Ra6 34. Nf2 Ra8 35. Kf3 Re8 36. h4 Rf8 37. Rxf8+ Kxf8 38. Nd3 Ke7 39. Nf4 Kd6 40. Ke2 Bh6 41. Nh5 Ke6 42. Kf3 Kf5 43. Ng3+ Ke6 44. e4 Bg7 45. Ne2 Bh6 1/2-1/2

[Event "33rd ECCC Open 2017"]
[Site "Antalya"]
[Date "2017.10.09"]
[Round "2"]
[White "Upton, Timothy J"]
[Black "Fox, Anthony"]
[Result "0-1"]
[ECO "C44"]
[WhiteElo "2164"]
[BlackElo "2016"]
[Annotator "NA"]
[PlyCount "79"]
[EventType "team-tourn"]
[EventCountry "TUR"]
[SourceTitle "playchess.com"]
[Source "ChessBase"]
[SourceQuality "1"]
[WhiteTeam "Bonnevoie"]
[BlackTeam "Adare"]
[TimeControl "40/5400+30:1800+30"]

1. e4 e5 2. Nf3 Nc6 3. c3 d5 4. Qa4 f6 5. Bb5 Nge7 6. exd5 Qxd5 7. O-O Bd7 8. d4 exd4 9. cxd4 Ne5 10. Bxd7+ Qxd7 11. Qxd7+ Nxd7 12. Nc3 O-O-O 13. Bf4 Nb6 14. Ne4 Nbd5 15. Bd2 Ng6 16. a3 Bd6 17. g3 Rhe8 18. Rfe1 Bf8 19. h4 h5 20. Rac1 Re6 21. Nc5 Rxe1+ 22. Rxe1 Bxc5 23. dxc5 Nde7 24. Kf1 Rd5 25. b4 Kd7 26. Re4 Nf5 27. Ke2 b6 28. cxb6 cxb6 29. a4 a6 30. Be3 Nxe3 31. Kxe3 Ne7 32. Nd4 Re5 33. Rxe5 fxe5 34. Nf3 Nd5+ 35. Ke4 Nxb4 36. Nxe5+ Ke6 37. f4 b5 38. axb5 axb5 39. Nf3 Nc6 40. f5+ 0-1

[Event "33rd ECCC Open 2017"]
[Site "Antalya"]
[Date "2017.10.09"]
[Round "2"]
[White "Ererdem, Gani Eren"]
[Black "Delaney, Killian"]
[Result "1-0"]
[ECO "B17"]
[WhiteElo "2136"]
[BlackElo "2202"]
[Annotator "NA"]
[PlyCount "59"]
[EventType "team-tourn"]
[EventCountry "TUR"]
[SourceTitle "playchess.com"]
[Source "ChessBase"]
[SourceQuality "1"]
[WhiteTeam "Karaman"]
[BlackTeam "Gonzaga"]
[TimeControl "40/5400+30:1800+30"]

1. e4 c6 2. d4 d5 3. Nd2 dxe4 4. Nxe4 Nd7 5. Ng5 Ngf6 6. Bd3 e6 7. N1f3 Bd6 8. Qe2 h6 9. Ne4 Nxe4 10. Qxe4 Nf6 11. Qe2 Qc7 12. Bd2 b6 13. Ne5 {[%emt 0:00:00] B17: Caro-Kann: Modern Line (4...Nd7)} c5 14. Bb5+ Ke7 {[%emt 0:00:00] [#]} 15. Nc6+ $146 ({Predecessor:} 15. c3 Bb7 16. O-O Rhd8 17. f4 Ne4 18. Be3 Kf8 19. Rae1 Kg8 20. Qg4 Nf6 {1-0 (36) Kamsky,G (2735)-Anand,V (2725) Dos Hermanas 1996}) 15... Kf8 16. dxc5 Bxc5 17. Ne5 Bb7 18. O-O-O Bd5 19. Kb1 a6 20. Bd3 b5 21. f4 Qb7 22. Be3 Rc8 23. Bxc5+ Rxc5 24. Rhe1 h5 25. f5 Ng4 26. Nxg4 $18 hxg4 27. Qxg4 Rxh2 28. fxe6 Rxg2 29. e7+ Qxe7 30. Qh3 1-0

[Event "33rd ECCC Open 2017"]
[Site "Antalya"]
[Date "2017.10.09"]
[Round "2"]
[White "Longson, Sarah N"]
[Black "Ingason, Sigurdur"]
[Result "1-0"]
[ECO "C54"]
[WhiteElo "2102"]
[BlackElo "1809"]
[Annotator "NA"]
[PlyCount "39"]
[EventType "team-tourn"]
[EventCountry "TUR"]
[SourceTitle "playchess.com"]
[Source "ChessBase"]
[SourceQuality "1"]
[WhiteTeam "3CS Oldham"]
[BlackTeam "Viking"]
[TimeControl "40/5400+30:1800+30"]

1. e4 e5 2. Bc4 Nf6 3. d3 Nc6 4. Nf3 Bc5 5. c3 h6 6. Nbd2 a6 7. Bb3 O-O 8. O-O d5 9. exd5 Nxd5 10. Ne4 Ba7 11. Bxh6 Nxc3 12. bxc3 gxh6 {[%emt 0:00:00] [#]} 13. Nxe5 $16 (13. Re1 $142 $1) 13... Nxe5 14. Qh5 Ng4 15. h3 Qxd3 16. Rae1 Kg7 17. hxg4 Be6 18. Qe5+ Kh7 19. Nf6+ Kg6 20. Nh5 1-0

[Event "33rd ECCC Open 2017"]
[Site "Antalya"]
[Date "2017.10.09"]
[Round "2"]
[White "Cirovic, Miroljub"]
[Black "Barp, Alberto"]
[Result "1-0"]
[ECO "E14"]
[WhiteElo "2095"]
[BlackElo "2277"]
[Annotator "NA"]
[PlyCount "83"]
[EventType "team-tourn"]
[EventCountry "TUR"]
[SourceTitle "playchess.com"]
[Source "ChessBase"]
[SourceQuality "1"]
[WhiteTeam "Elektroprivreda"]
[BlackTeam "Augusta Perusia"]
[TimeControl "40/5400+30:1800+30"]

1. d4 d5 2. c4 e6 3. Nf3 c6 4. e3 Nf6 5. b3 Nbd7 6. Bd3 Bd6 7. Bb2 b6 8. Nbd2 Bb7 9. O-O O-O 10. Qe2 c5 11. e4 {[%emt 0:09:30] E14: Queen's Indian: Classical Variation (4 e3)} (11. Rad1 Ne4 12. cxd5 exd5 13. Ba6 Bxa6 14. Qxa6 Re8 15. dxc5 Ndxc5 16. Qe2 Rc8 17. Rc1 Bf8 18. Rfd1 Qe7 {½-½ (45) Radjabov,T (2710)-Ding,L (2773) Moscow 2017}) 11... Bc7 $146 ({Predecessor:} 11... dxc4 12. Nxc4 Be7 13. Rfd1 Rc8 14. a4 Rc7 15. Bc2 Re8 16. Ng5 h6 17. e5 hxg5 18. exf6 Nxf6 19. dxc5 {½-½ (42) Semrl,M (2606)-Persson,C (2581) ICCF email 2012}) 12. cxd5 exd5 13. e5 Re8 14. Ng5 $2 (14. Nh4 $14 {behält die Oberhand.}) 14... h6 15. Nh3 cxd4 16. f4 Nc5 17. Bb5 Nfd7 18. b4 a6 19. Bxd7 Nxd7 20. Qg4 Qe7 (20... a5 $11) 21. Nb3 f6 22. Nxd4 fxe5 $16 23. Nf5 Qf6 24. Rac1 Bd6 25. Rce1 Bc8 26. Nxd6 Qxd6 27. fxe5 Nxe5 28. Qg3 Bxh3 29. Bxe5 Rxe5 30. Qxe5 Qxe5 31. Rxe5 Bd7 32. Rxd5 Be6 33. Rd6 Bxa2 34. Rxb6 Bc4 35. Rc1 Bb5 36. Rc7 Rf8 37. h3 Rf1+ 38. Kh2 Rf4 39. Rbb7 g5 40. Rc8+ Rf8 41. Rxf8+ Kxf8 42. Rh7 1-0